Map: Crête de Lerilak

Players

zidar

  • Race: Zerg Zerg
  • League: Silver
  • Spawn Location: 7:00

FRAggLE - Winner!

  • Race: Terran Terran
  • League: Silver
  • Spawn Location: 11:00

VOD

Have the link to the VOD?

Description

Time

  • Played on: Jan. 17, 2016, 1:34 p.m.
  • Length: 9:31
Show
View Real Time Build Order
Export as new Build Order

zidar Zerg 

Build Orders: Hatch First 

Get SALT Encoding   

  12  0:02  Drone  
  13  0:15  Overlord  
  13  0:21  Drone  
  14  0:27  Overlord, Extractor  
  13  0:32  Drone  
  15  0:38  Drone  
  16  0:52  Drone  
  17  1:06  Drone  
  17  1:07  Hatchery  
  17  1:10  Extractor  
  16  1:17  Drone  
  17  1:27  Spawning Pool  
  17  1:31  Drone  
  17  1:35  Drone  
  18  1:46  Drone  
  19  1:56  Drone  
  20  2:04  Drone  
  21  2:13  Queen  
  23  2:20  Queen  
  25  2:30  Drone x4  
  25  2:36  Drone  
  30  2:49  Overlord  
  30  2:52  Zergling x4  
  32  3:08  Metabolic Boost  
  32  3:11  Zergling x4  
  32  3:12  Zergling x2  
  35  3:29  Roach Warren  
  35  3:34  Drone x4  
  35  3:35  Drone x5  
  35  3:40  Extractor  
  42  3:54  Overlord x2  
  42  4:11  Queen  
  42  4:12  Queen  
  46  4:22  Zergling x4  
  46  4:23  Zergling x8  
  51  4:27  Overlord x3  
  51  4:40  Extractor  
  51  4:42  Extractor  
  39  5:12  Roach x2  
  39  5:13  Roach x4  
  51  5:21  Overlord x2  
  51  5:25  Lair  
  51  5:44  Hatchery  
  50  5:51  Roach x5  
  50  5:52  Roach  
  50  5:55  Ravager  
  50  5:56  Ravager x4  
  67  6:07  Evolution Chamber  
  67  6:08  Evolution Chamber  
  65  6:32  Spore Crawler  
  64  6:37  Spore Crawler  
  63  6:43  Drone x3  
  66  7:06  Queen  
  68  7:16  Pneumatized Carapace  
  68  7:35  Zerg Melee Weapons Level 1, Zerg Ground Armor Level 1  
  68  7:38  Zergling x2  
  68  7:39  Zergling x10  
  68  7:40  Roach  
  68  7:41  Roach x7  
  90  7:45  Overlord x3  
  90  7:46  Overlord x2  
  90  8:04  Drone x2  
  90  8:05  Drone x8  
  100  8:08  Drone  
  101  8:31  Baneling Nest  
  70  8:46  Roach x8  
  70  8:47  Roach  
  67  8:57  Zergling x2  
  67  8:58  Zergling x10  
Show
View Real Time Build Order
Export as new Build Order

FRAggLE Terran - Winner!

Build Orders:  

Get SALT Encoding   

  12  0:01  SCV  
  13  0:13  SCV  
  14  0:19  Supply Depot  
  14  0:25  SCV  
  15  0:35  Refinery  
  15  0:41  SCV  
  16  0:46  Barracks  
  16  0:53  SCV  
  17  1:05  SCV  
  18  1:17  SCV  
  19  1:23  Supply Depot  
  19  1:29  SCV  
  20  1:44  Orbital Command  
  20  1:50  Supply Depot  
  20  1:52  Marine  
  21  2:25  Command Center  
  21  2:33  Factory  
  21  2:38  Barracks  
  21  2:46  Marine  
  22  2:57  Barracks  
  21  3:04  Marine  
  22  3:11  SCV  
  22  3:12  Refinery  
  23  3:18  Supply Depot  
  23  3:19  Engineering Bay  
  23  3:22  Factory Tech Lab  
  23  3:23  SCV  
  23  3:24  Marine  
  25  3:29  Barracks Tech Lab  
  25  3:36  SCV  
  26  3:42  Marine  
  27  3:50  Marine x2  
  29  3:56  Siege Tank  
  29  3:59  Marine  
  33  4:02  Terran Infantry Weapons Level 1  
  33  4:17  Marine  
  33  4:20  Marine x2  
  36  4:30  Orbital Command  
  36  4:35  Siege Tank, Marine  
  36  4:38  Marine x2  
  42  4:49  SCV  
  43  4:53  Marine  
  43  4:56  Marine x2  
  45  5:01  SCV  
  41  5:11  Marine  
  41  5:14  Marine x2  
  43  5:19  Combat Shield  
  44  5:21  Siege Tank  
  47  5:28  Marine  
  47  5:31  Marine  
  47  5:32  Marine, SCV x2  
  52  5:44  SCV  
  52  5:46  Marine  
  52  5:48  Starport  
  52  5:49  Marine x2  
  55  5:50  Barracks  
  55  5:54  SCV  
  55  5:56  SCV  
  58  6:02  Refinery  
  58  6:04  Marine  
  58  6:06  SCV  
  58  6:07  Marine x2  
  62  6:11  Supply Depot  
  62  6:16  Terran Infantry Armor Level 1  
  62  6:24  Supply Depot  
  62  6:29  Starport Reactor, Marine x2  
  62  6:30  Marauder, SCV x2  
  68  6:42  Refinery  
  68  6:43  SCV x2  
  70  6:47  Marine x2  
  70  6:49  Siege Tank, Supply Depot  
  70  6:51  Marine  
  70  6:52  Barracks Reactor  
  76  7:05  Marine x2  
  76  7:06  Medivac x2  
  82  7:09  Marine  
  82  7:10  SCV x2  
  85  7:20  Stimpack  
  85  7:22  SCV  
  85  7:23  Marine x2  
  85  7:27  Marauder  
  85  7:29  Marine, Supply Depot  
  91  7:40  Medivac  
  91  7:41  Marine  
  94  7:49  Supply Depot  
  94  7:50  Marauder, Medivac  
  94  7:51  Supply Depot  
  98  7:57  Marine  
  99  8:12  Marauder  
  101  8:15  Marine x2  
  103  8:33  Marauder  
  102  8:37  Marine x4  
  96  8:54  Marine  
  96  8:55  Marauder, Marine x2  
  100  8:57  Marine  
  100  8:58  Medivac x2  
  105  9:12  Marine x2  
Tags
 
Add a new tag
Caveats
  • Supply blocks, unpowered buildings, or Contaminate may cause inaccurate times.
  • Supply counts are checked every 10 seconds.